[Event "EYTCC Girls U18 2022"]
[Site "Thessaloniki"]
[Date "2022.07.16"]
[Round "5.5"]
[White "Wikar, Martyna"]
[Black "Levitan, Ronit"]
[Result "1-0"]
[ECO "A00"]
[WhiteElo "2208"]
[BlackElo "2084"]
[Annotator "ChessBase"]
[PlyCount "99"]
[EventDate "2022.07.12"]
[EventType "team-tourn"]
[EventCountry "GRE"]
[SourceTitle "playchess.com"]
[Source "ChessBase"]
[SourceQuality "1"]
[WhiteTeam "Poland"]
[BlackTeam "Israel"]
[WhiteTeamCountry "POL"]
[BlackTeamCountry "ISR"]
[TimeControl "40/5400+30:1800+30"]

1. Nc3 Nf6 2. d4 d5 3. Bf4 a6 4. e3 e6 5. g4 h6 6. Bg2 c5 7. h4 Bd6 8. g5 Bxf4 9. exf4 cxd4 10. Qxd4 Nc6 11. Qd2 Ng8 12. O-O-O Nge7 13. Nf3 Bd7 14. Rhe1 Qa5 15. f5 Nxf5 16. Qxd5 Qxd5 17. Nxd5 O-O-O 18. Nc3 Kc7 19. Ne4 Bc8 20. Rxd8 Rxd8 21. c3 b6 22. Kc2 a5 23. Bf1 Bb7 24. h5 Nd6 25. Bd3 Nxe4 26. Bxe4 Re8 27. gxh6 gxh6 28. Bxc6 Bxc6 29. Ne5 f6 30. Nxc6 Kxc6 31. Rg1 Rd8 32. Rg6 Rd5 33. Rxf6 Rxh5 34. Rxe6+ Kb5 35. Rf6 Rh2 36. Kb3 Ka6 37. Ka4 Rh1 38. c4 Rc1 39. b3 h5 40. f4 Rc2 41. a3 Rc3 42. Rh6 Rf3 43. c5 Rxf4+ 44. b4 axb4 45. axb4 h4 46. Rxb6+ Ka7 47. Rh6 Rg4 48. Ka5 Rf4 49. Rh7+ Kb8 50. b5 1-0

[Event "EYTCC Girls U18 2022"]
[Site "Thessaloniki"]
[Date "2022.07.16"]
[Round "5.6"]
[White "Kochavi, Dana"]
[Black "Marcinczyk, Monika"]
[Result "0-1"]
[ECO "B90"]
[WhiteElo "1885"]
[BlackElo "1991"]
[Annotator "ChessBase"]
[PlyCount "108"]
[EventDate "2022.07.12"]
[EventType "team-tourn"]
[EventCountry "GRE"]
[SourceTitle "playchess.com"]
[Source "ChessBase"]
[SourceQuality "1"]
[WhiteTeam "Israel"]
[BlackTeam "Poland"]
[WhiteTeamCountry "ISR"]
[BlackTeamCountry "POL"]
[TimeControl "40/5400+30:1800+30"]

1. e4 c5 2. Nf3 d6 3. d4 cxd4 4. Nxd4 Nf6 5. Nc3 a6 6. h3 e5 7. Nde2 h5 8. g3 b5 9. Bg2 Be7 10. Be3 Be6 11. Nd5 Nxd5 12. exd5 Bf5 13. a4 b4 14. c3 bxc3 15. Nxc3 a5 16. Rc1 Na6 17. Nb5 Rc8 18. O-O Nb4 19. Na3 Rxc1 20. Qxc1 Qd7 21. Kh2 O-O 22. b3 Bd3 23. Re1 Rc8 24. Qd1 h4 25. Bd2 Qf5 26. Qg4 hxg3+ 27. Kxg3 Rc5 28. Qxf5 Bxf5 29. Nc4 Nxd5 30. Nxa5 Rc2 31. Bxd5 Rxd2 32. Nc6 Bg5 33. Bc4 Bd3 34. a5 Bxc4 35. bxc4 Ra2 36. Rb1 Bd2 37. Rb8+ Kh7 38. Rd8 Bxa5 39. Rxd6 Be1 40. Nxe5 Rxf2 41. Kg4 f5+ 42. Kh5 Rg2 43. Rg6 Rh2 44. Kg5 Bc3 45. Re6 Rf2 46. c5 Bd2+ 47. Kh5 Rh2 48. h4 Re2 49. c6 Rxe5 50. Rd6 Rd5 51. Re6 Rc5 52. Rd6 Ba5 53. Re6 Bd8 54. c7 Bxc7 0-1

[Event "EYTCC Girls U18 2022"]
[Site "Thessaloniki"]
[Date "2022.07.16"]
[Round "5.7"]
[White "Rozmanec, Pia"]
[Black "Ziegenfuss, Antonia"]
[Result "0-1"]
[ECO "B90"]
[WhiteElo "1642"]
[BlackElo "2170"]
[Annotator "ChessBase"]
[PlyCount "94"]
[EventDate "2022.07.12"]
[EventType "team-tourn"]
[EventCountry "GRE"]
[SourceTitle "playchess.com"]
[Source "ChessBase"]
[SourceQuality "1"]
[WhiteTeam "Slovenia"]
[BlackTeam "Germany"]
[WhiteTeamCountry "SLO"]
[BlackTeamCountry "GER"]
[TimeControl "40/5400+30:1800+30"]

1. e4 c5 2. Nf3 d6 3. d4 cxd4 4. Nxd4 Nf6 5. Nc3 a6 6. f3 e5 7. Nb3 Be6 8. Be3 Be7 9. Qd2 h5 10. Nd5 Bxd5 11. exd5 Nbd7 12. Be2 a5 13. a4 h4 14. h3 Nh5 15. Bb5 Ng3 16. Rg1 Nf5 17. Bf2 O-O 18. Qd3 g6 19. O-O-O Bg5+ 20. Kb1 Ng3 21. Nd2 f5 22. Be3 Bxe3 23. Qxe3 Kg7 24. Nc4 Qc7 25. f4 e4 26. Qd4+ Nf6 27. Ne3 Rac8 28. c3 Qc5 29. Qd2 Rf7 30. Nc2 Re7 31. Ne3 Nfh5 32. Qf2 Rf8 33. Rge1 Kh7 34. Kc2 Kh6 35. Kb1 g5 36. fxg5+ Kxg5 37. Qd2 f4 38. Nc2 Nf5 39. Be2 Nhg3 40. Bg4 Re5 41. Nd4 Qxd5 42. Bxf5 Nxf5 43. Nxf5 Qxd2 44. Rxd2 Rfxf5 45. Rf2 f3 46. gxf3 Rxf3 47. Rfe2 Kf4 0-1

[Event "EYTCC Girls U18 2022"]
[Site "Thessaloniki"]
[Date "2022.07.16"]
[Round "5.8"]
[White "Bashylina, Luisa"]
[Black "Guid, Taja"]
[Result "1-0"]
[ECO "D31"]
[WhiteElo "2041"]
[BlackElo "1479"]
[Annotator "ChessBase"]
[PlyCount "65"]
[EventDate "2022.07.12"]
[EventType "team-tourn"]
[EventCountry "GRE"]
[SourceTitle "playchess.com"]
[Source "ChessBase"]
[SourceQuality "1"]
[WhiteTeam "Germany"]
[BlackTeam "Slovenia"]
[WhiteTeamCountry "GER"]
[BlackTeamCountry "SLO"]
[TimeControl "40/5400+30:1800+30"]

1. d4 d5 2. c4 e6 3. Nc3 c6 4. e4 Bb4 5. Bd3 dxe4 6. Bxe4 Nf6 7. Bc2 O-O 8. Nf3 Nbd7 9. O-O Qc7 10. a3 Bd6 11. h3 Re8 12. Re1 b6 13. d5 Ba6 14. dxe6 fxe6 15. b3 Rad8 16. Bg5 Nf8 17. Qe2 Qf7 18. Ne4 Bc7 19. Qe3 Rd7 20. Rad1 Rxd1 21. Rxd1 c5 22. Nd6 Bxd6 23. Rxd6 h6 24. Bf4 N8d7 25. Ne5 Nxe5 26. Bxe5 Bb7 27. f3 Qe7 28. Qd3 Bc8 29. Qg6 Rf8 30. Rc6 Bd7 31. Rc7 a6 32. Bxf6 Rxf6 33. Qd3 1-0

[Event "EYTCC Girls U18 2022"]
[Site "Thessaloniki"]
[Date "2022.07.16"]
[Round "5.9"]
[White "Bondar, Daria"]
[Black "Buchholz, Maja"]
[Result "1-0"]
[ECO "C02"]
[WhiteElo "1566"]
[BlackElo "1879"]
[Annotator "NA"]
[PlyCount "109"]
[EventDate "2022.07.12"]
[EventType "team-tourn"]
[EventCountry "GRE"]
[SourceTitle "playchess.com"]
[Source "ChessBase"]
[SourceQuality "1"]
[WhiteTeam "Ukraine"]
[BlackTeam "Germany"]
[WhiteTeamCountry "UKR"]
[BlackTeamCountry "GER"]
[TimeControl "40/5400+30:1800+30"]

1. e4 e6 2. d4 d5 3. e5 c5 4. c3 Nc6 5. Nf3 Qb6 6. a3 Nh6 7. b4 cxd4 8. Bxh6 gxh6 9. cxd4 Bd7 10. Be2 Rg8 11. O-O Rg4 12. h3 Rf4 13. g3 Rxf3 14. Bxf3 Nxd4 15. Nc3 Bg7 16. Re1 Rc8 17. Rc1 Rc4 18. Bh5 Qc7 19. Qd3 Kf8 20. Na2 Nc2 21. Red1 Ba4 22. f4 Kg8 23. Rd2 Qb6+ 24. Kh1 Rd4 25. Qc3 Rxd2 26. Qxd2 Nxa3 27. Rc8+ Bf8 28. Qd3 Nc4 29. Bxf7+ Kg7 30. Bh5 Bc6 31. Rxf8 Kxf8 32. Qxh7 Nxe5 33. Qh8+ Ke7 34. Qg7+ Kd8 35. Qxe5 d4+ 36. Kh2 d3 37. Qd6+ Kc8 38. Qf8+ Kc7 39. Qe7+ Kb8 40. Qd6+ Kc8 41. Qxe6+ Kc7 42. Qe7+ Kb8 43. Qd6+ Qc7 44. Qxd3 Qe7 45. b5 Bd7 46. Nc3 a5 47. Bg4 Qe1 48. Bxd7 Qf2+ 49. Kh1 Kc7 50. Ne4 Qe1+ 51. Kg2 a4 52. Qd6+ Kd8 53. Bc6+ Kc8 54. Qd7+ Kb8 55. Qxb7# 1-0

[Event "EYTCC Girls U18 2022"]
[Site "Thessaloniki"]
[Date "2022.07.16"]
[Round "5.10"]
[White "Werner, Rosalie"]
[Black "Russeva, Viktoria"]
[Result "0-1"]
[ECO "B98"]
[WhiteElo "1783"]
[BlackElo "1866"]
[Annotator "NA"]
[PlyCount "96"]
[EventDate "2022.07.12"]
[EventType "team-tourn"]
[EventCountry "GRE"]
[SourceTitle "playchess.com"]
[Source "ChessBase"]
[SourceQuality "1"]
[WhiteTeam "Germany"]
[BlackTeam "Ukraine"]
[WhiteTeamCountry "GER"]
[BlackTeamCountry "UKR"]
[TimeControl "40/5400+30:1800+30"]

1. e4 c5 2. Nf3 d6 3. d4 cxd4 4. Nxd4 Nf6 5. Nc3 a6 6. Bg5 e6 7. f4 Be7 8. Qe2 Nbd7 9. O-O-O O-O 10. g4 Qc7 11. Bg2 Nb6 12. h4 Bd7 13. h5 Nc4 14. Bh4 Rfc8 15. g5 Ne8 16. g6 Bxh4 17. gxf7+ Kxf7 18. Rxh4 Nxb2 19. Kxb2 Qxc3+ 20. Kb1 Qb4+ 21. Nb3 a5 22. f5 exf5 23. Qf2 Rc4 24. Rh3 a4 25. c3 Rxc3 26. Rxc3 Qxc3 27. Nd4 Nf6 28. exf5 Ra6 29. Qb2 Qa5 30. Qc2 Rb6+ 31. Ka1 Rb4 32. Qd3 Qb6 33. a3 Rb2 34. Qc4+ Kf8 35. Bf3 Rf2 36. Rb1 Qc5 37. Qd3 b6 38. Bb7 Bxf5 39. Nxf5 Rxf5 40. Rb2 Qe5 41. Ka2 Rxh5 42. Re2 Rh2 43. Bg2 Qc5 44. Qa6 Rh4 45. Qa8+ Kf7 46. Qb7+ Kg6 47. Qf3 Qc4+ 48. Kb2 Rh5 0-1

[Event "EYTCC Girls U18 2022"]
[Site "Thessaloniki"]
[Date "2022.07.16"]
[Round "5.11"]
[White "Dereka, Konstantina"]
[Black "Alexandri, Dimitra"]
[Result "0-1"]
[ECO "E71"]
[WhiteElo "1451"]
[BlackElo "1683"]
[Annotator "NA"]
[PlyCount "62"]
[EventDate "2022.07.12"]
[EventType "team-tourn"]
[EventCountry "GRE"]
[SourceTitle "playchess.com"]
[Source "ChessBase"]
[SourceQuality "1"]
[WhiteTeam "Greece"]
[BlackTeam "Greece"]
[WhiteTeamCountry "GRE"]
[BlackTeamCountry "GRE"]
[TimeControl "40/5400+30:1800+30"]

1. d4 Nf6 2. c4 g6 3. Nc3 Bg7 4. e4 d6 5. h3 O-O 6. Nf3 e5 7. d5 a5 8. g4 Na6 9. Be3 Nd7 10. Be2 Ndc5 11. Qd2 Bd7 12. O-O-O a4 13. Rdg1 c6 14. h4 cxd5 15. exd5 Qa5 16. Qd1 a3 17. Kb1 axb2 18. Qc2 Nb4 19. Qxb2 e4 20. Nd4 Na4 21. Nxa4 Qxa4 22. Qb3 Qxa2+ 23. Qxa2 Rxa2 24. Bd1 Rfa8 25. Bb3 R2a3 26. Kb2 Nd3+ 27. Kc2 Ba4 28. Bxa4 R8xa4 29. Nb5 Rxc4+ 30. Kd2 Ra2+ 31. Kd1 Rb4 0-1

[Event "EYTCC Girls U18 2022"]
[Site "Thessaloniki"]
[Date "2022.07.16"]
[Round "5.12"]
[White "Alexandri, Vasiliki"]
[Black "Kapia, Aggeliki"]
[Result "1/2-1/2"]
[ECO "E94"]
[WhiteElo "1527"]
[BlackElo "1230"]
[Annotator "NA"]
[PlyCount "111"]
[EventDate "2022.07.12"]
[EventType "team-tourn"]
[EventCountry "GRE"]
[SourceTitle "playchess.com"]
[Source "ChessBase"]
[SourceQuality "1"]
[WhiteTeam "Greece"]
[BlackTeam "Greece"]
[WhiteTeamCountry "GRE"]
[BlackTeamCountry "GRE"]
[TimeControl "40/5400+30:1800+30"]

1. d4 Nf6 2. c4 g6 3. Nc3 Bg7 4. e4 d6 5. Be2 O-O 6. Nf3 e5 7. O-O exd4 8. Nxd4 Re8 9. f3 c6 10. Be3 d5 11. cxd5 Nxd5 12. Bf2 Nf4 13. Nb3 Qxd1 14. Bxd1 Nd3 15. Bd4 Bxd4+ 16. Nxd4 Rd8 17. Nb3 Be6 18. Rb1 Na6 19. Be2 Nab4 20. Bxd3 Rxd3 21. Nc5 Rd2 22. Nxe6 fxe6 23. Rf2 Rad8 24. a3 Rxf2 25. Kxf2 Nd3+ 26. Ke3 Ne5 27. Rd1 Nc4+ 28. Ke2 Rxd1 29. Nxd1 Kf7 30. Kd3 Nb6 31. Kd4 Ke7 32. Nc3 Nd7 33. f4 e5+ 34. fxe5 Ke6 35. Ne2 Nxe5 36. Nf4+ Kd6 37. Nd3 Nxd3 38. Kxd3 Ke5 39. b4 b6 40. g3 g5 41. h3 c5 42. bxc5 bxc5 43. g4 c4+ 44. Kxc4 Kxe4 45. Kb5 Kf4 46. Ka6 Kg3 47. Kxa7 Kxh3 48. Kb8 Kxg4 49. a4 Kf4 50. a5 g4 51. a6 g3 52. a7 g2 53. a8=Q g1=Q 54. Qa4+ Kf3 55. Qc6+ Kg3 56. Qd6+ 1/2-1/2

[Event "EYTCC Girls U18 2022"]
[Site "Thessaloniki"]
[Date "2022.07.17"]
[Round "6.1"]
[White "Ciolacu, Alessia-Mihaela"]
[Black "Kara, Gulce Nehir"]
[Result "1-0"]
[ECO "D21"]
[WhiteElo "2163"]
[BlackElo "1907"]
[Annotator "ChessBase"]
[PlyCount "113"]
[EventDate "2022.07.12"]
[EventType "team-tourn"]
[EventCountry "GRE"]
[SourceTitle "playchess.com"]
[Source "ChessBase"]
[SourceQuality "1"]
[WhiteTeam "Romania"]
[BlackTeam "Turkey"]
[WhiteTeamCountry "ROU"]
[BlackTeamCountry "TUR"]
[TimeControl "40/5400+30:1800+30"]

1. d4 d5 2. c4 dxc4 3. Nf3 c5 4. e3 cxd4 5. Bxc4 Qc7 6. Qxd4 Nc6 7. Qc3 e6 8. O-O Nf6 9. Nbd2 Bd7 10. a3 Bd6 11. b3 Rc8 12. Bb2 Qb8 13. Rac1 b5 14. Be2 O-O 15. Ne4 Ne5 16. Qd4 Nxe4 17. Nxe5 Bxe5 18. Qxe5 Qxe5 19. Bxe5 Nd2 20. Rxc8 Bxc8 21. Rd1 Nxb3 22. Bxb5 Nc5 23. Bd4 Rd8 24. Rb1 a6 25. Be2 Nd7 26. e4 e5 27. Be3 Kf8 28. Bd2 Nf6 29. Ba5 Re8 30. Bb4+ Kg8 31. f3 g6 32. Ba5 Kg7 33. Rb6 Nd7 34. Rc6 Nb8 35. Rc7 Bd7 36. Bxa6 Be6 37. Bb5 Rc8 38. Rb7 Nc6 39. Bc7 Bd7 40. Bd6 Be8 41. Rc7 Rxc7 42. Bxc7 Kf6 43. a4 Ke6 44. a5 Kd7 45. Bxe5 Kc8 46. Bd6 Kb7 47. Bc5 Bd7 48. a6+ Ka8 49. Kf2 Kb8 50. Bb6 Ka8 51. Ke3 Kb8 52. f4 f5 53. exf5 gxf5 54. Kf2 Be8 55. Kg3 Ka8 56. Kh4 h6 57. h3 1-0

[Event "EYTCC Girls U18 2022"]
[Site "Thessaloniki"]
[Date "2022.07.17"]
[Round "6.2"]
[White "Kayis, Gulcan Sena"]
[Black "Obada, Ema"]
[Result "1-0"]
[ECO "C02"]
[WhiteElo "1682"]
[BlackElo "2042"]
[Annotator "RC"]
[PlyCount "53"]
[EventDate "2022.07.12"]
[EventType "team-tourn"]
[EventCountry "GRE"]
[SourceTitle "playchess.com"]
[Source "ChessBase"]
[SourceQuality "1"]
[WhiteTeam "Turkey"]
[BlackTeam "Romania"]
[WhiteTeamCountry "TUR"]
[BlackTeamCountry "ROU"]
[TimeControl "40/5400+30:1800+30"]

1. e4 e6 2. d4 d5 3. e5 c5 4. c3 Nc6 5. Nf3 Nge7 6. Na3 cxd4 7. cxd4 Nf5 8. Nc2 Bd7 9. Bd3 Qb6 10. O-O Be7 11. g4 Nh4 12. Nxh4 Bxh4 13. g5 Nxd4 14. Be3 Bxg5 15. Bxd4 Qd8 16. Qe2 O-O 17. Be3 Be7 18. Nd4 Qe8 19. Kh1 f6 20. f4 g6 21. Rg1 f5 22. Rac1 Qd8 23. Bb5 Bc8 24. Qc2 a6 25. Bd3 Bb4 26. Qa4 Qe7 27. a3 1-0

[Event "EYTCC Girls U18 2022"]
[Site "Thessaloniki"]
[Date "2022.07.17"]
[Round "6.3"]
[White "Demeter, Dorina"]
[Black "Wikar, Martyna"]
[Result "0-1"]
[ECO "A35"]
[WhiteElo "2176"]
[BlackElo "2208"]
[Annotator "ChessBase"]
[PlyCount "64"]
[EventDate "2022.07.12"]
[EventType "team-tourn"]
[EventCountry "GRE"]
[SourceTitle "playchess.com"]
[Source "ChessBase"]
[SourceQuality "1"]
[WhiteTeam "Hungary"]
[BlackTeam "Poland"]
[WhiteTeamCountry "HUN"]
[BlackTeamCountry "POL"]
[TimeControl "40/5400+30:1800+30"]

1. Nf3 c5 2. c4 Nf6 3. Nc3 Nc6 4. g3 d5 5. d4 cxd4 6. Nxd4 dxc4 7. Nxc6 Qxd1+ 8. Kxd1 bxc6 9. Bg2 Bb7 10. Kc2 e5 11. Nb5 O-O-O 12. Nc3 Nd5 13. a3 Be7 14. Bd2 Kb8 15. Rhd1 g6 16. e4 Nc7 17. Bh3 Nb5 18. Ne2 c5 19. f3 f5 20. Ba5 Rxd1 21. Rxd1 Nd4+ 22. Nxd4 cxd4 23. exf5 Bxf3 24. Re1 e4 25. Bb4 Bxb4 26. axb4 e3 27. Bf1 d3+ 28. Bxd3 cxd3+ 29. Kxd3 e2 30. Ke3 Bh5 31. Kf4 gxf5 32. h3 Re8 0-1

[Event "EYTCC Girls U18 2022"]
[Site "Thessaloniki"]
[Date "2022.07.17"]
[Round "6.4"]
[White "Marcinczyk, Monika"]
[Black "Sulyok, Eszter"]
[Result "0-1"]
[ECO "B28"]
[WhiteElo "1991"]
[BlackElo "2091"]
[Annotator "TA"]
[PlyCount "86"]
[EventDate "2022.07.12"]
[EventType "team-tourn"]
[EventCountry "GRE"]
[SourceTitle "playchess.com"]
[Source "ChessBase"]
[SourceQuality "1"]
[WhiteTeam "Poland"]
[BlackTeam "Hungary"]
[WhiteTeamCountry "POL"]
[BlackTeamCountry "HUN"]
[TimeControl "40/5400+30:1800+30"]

1. e4 c5 2. Nf3 a6 3. d4 cxd4 4. Nxd4 Nc6 5. c4 e5 {[%emt 0:00:33] And now ...Bb4+ would win.} 6. Nxc6 {[%emt 0:02:59] B28: Sicilian: 2 Nf3 a6 (O'Kelly Variation).} bxc6 7. Be3 Nf6 8. Nc3 {[%emt 0:00:48] White is slightly better.} Rb8 {[%emt 0:03:11] [#]} 9. Qd2 $146 ({Predecessor:} 9. Qc2 Ng4 10. Bc1 Bc5 11. Nd1 Qh4 12. g3 Qh5 {1-0 (12) Law,S (1451)-Ottenweller,W (1514) LSS email 2010}) 9... Bb4 10. f3 O-O 11. Rd1 Qa5 12. Be2 Rd8 13. Bg5 (13. a3 $14 Bxc3 14. Qxc3 Qxc3+ 15. bxc3) 13... Be7 14. a3 (14. O-O {looks sharper.} Qb6+ 15. Be3 Qxb2 16. Qxb2 Rxb2 17. Rb1) 14... d6 15. Be3 Qc7 16. O-O a5 17. Rb1 Be6 18. Rfd1 Rb7 (18... d5 $5 19. cxd5 cxd5 20. exd5 Nxd5 21. Nxd5 Rxd5 $15) 19. b4 axb4 (19... d5 {is more complex.} 20. cxd5 cxd5 21. exd5 axb4 22. axb4 Bf5) 20. axb4 d5 $1 21. exd5 cxd5 22. cxd5 Bxd5 (22... Bf5 $15 23. Rb3 Rxb4) 23. Qc1 ({But not} 23. Nxd5 Nxd5 24. Rdc1 Qb8 $17) 23... Bc4 24. Rxd8+ Bxd8 25. Qd2 {[%emt 0:02:36] Bxc4 is the strong threat.} Be7 26. b5 Bxe2 27. Nxe2 Bc5 {[%emt 0:04:03] Prevents b6.} 28. Nc3 h6 29. Kf2 {[%emt 0:02:18] [#]} (29. h3 $11 {keeps the balance.}) 29... e4 (29... Bxe3+ $1 $17 30. Kxe3 (30. Qxe3 $2 Nd5 $17) 30... e4 31. Nxe4 Nxe4 32. fxe4 Qxh2) 30. Bxc5 $11 Qxc5+ 31. Qe3 Qc4 {[%emt 0:00:26] Strongly threatening ...Nd5.} 32. h3 $2 {[%emt 0:02:44] [#]} (32. Rd1 $11 {and White stays safe.}) 32... Nd5 $1 $19 ({Inferior is} 32... exf3 33. gxf3 Rd7 34. Ne2 $17) 33. Qxe4 (33. Nxd5 {was forced.} Qc2+ 34. Kg3 Qxb1 35. Nc3) 33... Qc5+ 34. Kg3 Qc7+ ({And not} 34... Nxc3 35. Qxb7 Qd6+ 36. Kf2 Qd4+ 37. Kg3 Qd6+ 38. Kf2 Qd4+ 39. Kg3 Qd6+ $11) 35. f4 Qxc3+ 36. Kh2 Qc5 37. Rd1 Rxb5 38. Qe8+ Kh7 39. Qxf7 Nf6 40. Qe6 Qf5 41. Qc4 (41. Qxf5+ {is a better defense.} Rxf5 42. Rd4) 41... Rb2 {[%emt 0:04:48] Hoping for ...Ne4.} 42. Rd3 (42. Qd4 $142 Ra2 43. Rd2) 42... Ne4 43. Qc7 Qg6 {[%emt 0:01:56] Weighted Error Value: White=0.74/Black=0.25 (precise)} 0-1

[Event "EYTCC Girls U18 2022"]
[Site "Thessaloniki"]
[Date "2022.07.17"]
[Round "6.5"]
[White "Ziegenfuss, Antonia"]
[Black "Levitan, Ronit"]
[Result "1/2-1/2"]
[ECO "E04"]
[WhiteElo "2170"]
[BlackElo "2084"]
[Annotator "ChessBase"]
[PlyCount "80"]
[EventDate "2022.07.12"]
[EventType "team-tourn"]
[EventCountry "GRE"]
[SourceTitle "playchess.com"]
[Source "ChessBase"]
[SourceQuality "1"]
[WhiteTeam "Germany"]
[BlackTeam "Israel"]
[WhiteTeamCountry "GER"]
[BlackTeamCountry "ISR"]
[TimeControl "40/5400+30:1800+30"]

1. d4 Nf6 2. c4 e6 3. g3 d5 4. Bg2 dxc4 5. Nf3 a6 6. O-O Nc6 7. Nbd2 Nxd4 8. Nxc4 Nxf3+ 9. Bxf3 Qxd1 10. Rxd1 Nd5 11. e4 Nb6 12. Nxb6 cxb6 13. e5 Bc5 14. Bg5 Bd7 15. Bxb7 Ra7 16. Bc6 h6 17. Rxd7 Rxd7 18. Bxh6 gxh6 19. Rd1 O-O 20. Rxd7 f6 21. exf6 Rxf6 22. Rd2 e5 23. Bb7 a5 24. Kg2 Kg7 25. f3 Rd6 26. Bd5 Kf6 27. b3 Be3 28. Rd3 Bd4 29. Be4 Bc5 30. f4 Rxd3 31. Bxd3 exf4 32. gxf4 Be3 33. Kf3 Bd2 34. Ke4 Bc1 35. h3 Bd2 36. a4 Bc1 37. Bb5 Bd2 38. Bd3 Bc1 39. Bb5 Bd2 40. Bd3 Bc1 1/2-1/2

[Event "EYTCC Girls U18 2022"]
[Site "Thessaloniki"]
[Date "2022.07.17"]
[Round "6.6"]
[White "Kochavi, Dana"]
[Black "Bashylina, Luisa"]
[Result "1/2-1/2"]
[ECO "B90"]
[WhiteElo "1885"]
[BlackElo "2041"]
[Annotator "TA"]
[PlyCount "64"]
[EventDate "2022.07.12"]
[EventType "team-tourn"]
[EventCountry "GRE"]
[SourceTitle "playchess.com"]
[Source "ChessBase"]
[SourceQuality "1"]
[WhiteTeam "Israel"]
[BlackTeam "Germany"]
[WhiteTeamCountry "ISR"]
[BlackTeamCountry "GER"]
[TimeControl "40/5400+30:1800+30"]

1. e4 c5 2. Nf3 d6 3. d4 cxd4 4. Nxd4 Nf6 5. Nc3 a6 6. h3 e5 7. Nde2 h5 {[%emt 0:00:04] B90: Sicilian Najdorf: Unusual White 6th moves, 6 Be3 Ng4 and 6 Be3 e5.} 8. Bg5 Be6 9. a4 Be7 10. g3 Nc6 11. Bg2 {[%emt 0:02:20] [#]} Nb4 $146 ({Predecessor:} 11... O-O 12. Qd2 Rc8 13. O-O Nh7 14. Bxe7 Qxe7 15. Rad1 Rfd8 16. b3 h4 17. f4 Nb4 {1-0 (53) Gu,T (2158)-Paramzina,A (2117) Moscow 2014}) 12. Bxf6 Bxf6 13. Nd5 Nxd5 14. exd5 Bf5 15. O-O {[%emt 0:00:43] [#]} ({Better is} 15. h4 $15) 15... O-O ({Black should try} 15... Qc8 $1 $17 16. h4 Qxc2 17. Qxc2 Bxc2) 16. Nc3 $15 g6 17. g4 hxg4 18. hxg4 Bd7 19. Ne4 Be7 20. Ra3 Kg7 21. c4 Rh8 22. c5 dxc5 23. d6 Bg5 24. Nxc5 Bf4 {[%emt 0:02:17] A strong pair of Bishops.} 25. Re1 Rh4 26. Nxd7 {[%emt 0:10:54] Active counter play!} Qxd7 27. Rb3 Rxg4 {[%emt 0:02:34] And now ...Rh8 would win.} (27... Rd8 $5 ) 28. Kf1 {[%emt 0:00:12] Threatens to win with Bh3. The position is equal.} Qxa4 {[%emt 0:26:42][%cal Of4d2] [#] White must now prevent ...Bd2!} 29. Rxb7 Qc4+ 30. Qe2 {[%emt 0:00:45] Really sharp!} Qxe2+ 31. Rxe2 Rd8 32. d7 Bh2 {[%emt 0:02:51] Weighted Error Value: White=0.10 (very precise) /Black=0.10 (very precise)} 1/2-1/2

[Event "EYTCC Girls U18 2022"]
[Site "Thessaloniki"]
[Date "2022.07.17"]
[Round "6.7"]
[White "Bondar, Daria"]
[Black "Ruzic, Pia Marie"]
[Result "1/2-1/2"]
[ECO "C02"]
[WhiteElo "1566"]
[BlackElo "2025"]
[Annotator "TA"]
[PlyCount "110"]
[EventDate "2022.07.12"]
[EventType "team-tourn"]
[EventCountry "GRE"]
[SourceTitle "playchess.com"]
[Source "ChessBase"]
[SourceQuality "1"]
[WhiteTeam "Ukraine"]
[BlackTeam "Slovenia"]
[WhiteTeamCountry "UKR"]
[BlackTeamCountry "SLO"]
[TimeControl "40/5400+30:1800+30"]

1. e4 e6 2. d4 d5 3. e5 c5 4. c3 Nc6 5. Nf3 Bd7 6. Be2 Nge7 7. Na3 cxd4 8. cxd4 Nf5 9. Nc2 Be7 10. O-O O-O {[%emt 0:00:40] 10...h5 is vanishing.} 11. Ne3 Nxe3 12. Bxe3 f6 {[%emt 0:00:13] [#] C02: French: Advance Variation.} 13. Rc1 $146 ({Predecessor:} 13. a3 Rc8 14. Bd3 Be8 15. Qd2 fxe5 16. dxe5 Qc7 17. Rac1 Bh5 18. Nd4 Qxe5 19. f4 Qd6 20. f5 {1-0 (29) Hlavac,T (1439)-Mendelova,A (1131) Piestany 2022}) 13... Be8 14. a3 Bh5 {[%emt 0:03:42] The position is equal.} 15. Ne1 {[%emt 0:16:46] Threatens to win with exf6.} Bxe2 16. Qxe2 f5 17. f4 Na5 18. Nd3 Nc4 19. Nc5 Bxc5 20. dxc5 Qe8 21. Bd4 Qc6 22. Qc2 Rfc8 23. a4 Nb6 24. b3 (24. cxb6 $2 Qxc2 25. Rxc2 Rxc2 26. bxa7 Rc4 $19) 24... a5 25. Qd3 (25. g4 $5 fxg4 26. f5 $16) 25... Nd7 26. Qb5 Nb8 27. Rc3 Qe8 28. Kf2 (28. Qxb7 $2 Nc6 29. Bf2 (29. Rg3 $2 g6 $19) 29... Rcb8 $19) 28... Nc6 29. Qd3 Qh5 30. Kg1 Kh8 31. g3 Qh3 32. Rd1 Rc7 33. Bf2 Rg8 34. Qf1 Qg4 35. h3 Qh5 36. Kh2 g5 37. Qd3 (37. Rd2 $17 {is a better defense.}) 37... gxf4 38. gxf4 Rcg7 {[%emt 0:05:42] aiming for ...Rg2+.} ({Worse is} 38... Qg6 39. Rg1 Qh5 40. Qd1 $11) 39. Rg1 {[%emt 0:00:07] [#] Inhibits Rg2+.} Rxg1 ({Black should try} 39... Nxe5 $1 $19 40. Qf1 (40. fxe5 $2 Rxg1 41. Bxg1 Qg5 $19) 40... Rxg1 41. Bxg1 Nc6) 40. Bxg1 $15 Qh4 (40... d4 $5 41. Qf3 Rg4 $15) 41. Qd2 Rg4 42. Bf2 Qh6 43. Bg3 Rg7 44. Qf2 Qh5 45. Bh4 {[%emt 0:01:36] Hoping for Bf6.} Rg6 46. Bf6+ Kg8 47. Qf1 {[%emt 0:04:36] Inhibits Qd1.} Nd4 (47... Kf8 $15) 48. Bd8 Qe2+ 49. Qxe2 Nxe2 $11 {[%emt 0:00:01][%mdl 4096] Endgame KRB-KRN} 50. Rf3 {[%emt 0:00:20] [#]} (50. Re3 $11 Nxf4 51. Rf3) 50... Nd4 $1 $17 {[%emt 0:00:16] Black is better.} 51. Rd3 {[%emt 0:00:44] [#]} Nc6 52. Bc7 Kf7 53. Rd1 Ke7 54. Rd2 Kd7 55. Bb6 Ke7 {Weighted Error Value: White=0.14 (very precise) /Black=0.10 (very precise)} ({Better is} 55... Rg7 $17) 1/2-1/2